 Dungeon Crawl Stone Soup version 0.29.1-12-g30fa7ad0bf (webtiles) character file.

Game seed: 8510007635503737141

91 MisterFreud the Twirler (level 4, -3/33 HPs)
             Began as a Formicid Gladiator on Jan 17, 2023.
             Succumbed to a water moccasin's poison
             ... on level 7 of the Dungeon.
             The game lasted 00:02:10 (2624 turns).

MisterFreud the Twirler (Formicid Gladiator)        Turns: 2624, Time: 00:02:10

Health: -3/33      AC:  4    Str: 20    XL:     4   Next: 87%
Magic:  4/4        EV: 13    Int:  8    God:
Gold:   77         SH:  0    Dex: 21    Spells: 3/3 levels left

rFire   . . .      SeeInvis +   a - +0 quarterstaff (flame)
rCold   . . .      Faith    .   (no shield)
rNeg    . . .      Spirit   .   b - +0 leather armour
rPois   .          Reflect  .   (helmet unavailable)
rElec   .          Harm     .   (no cloak)
rCorr   .          Rampage  .   (no gloves)
Will    .....                   k - +0 pair of boots
Stlth   ++........              (no amulet)
HPRegen 0.11/turn               j - +6 ring of dexterity
MPRegen 0.09/turn               (no ring)

@: lethally poisoned (-3 -> -21)
A: permanent stasis, dig shafts and tunnels, antennae 3, four strong arms
a: Dig, Shaft Self


You were on level 7 of the Dungeon.
You visited 1 branch of the dungeon, and saw 5 of its levels.

You collected 77 gold pieces.

Inventory:

Hand Weapons
 a - a +0 quarterstaff of flaming (weapon)
Missiles
 c - a throwing net (quivered)
 d - a javelin
 h - 2 atropa-tipped darts
Armour
 b - a +0 leather armour (worn)
 k - a +0 pair of boots (worn)
Jewellery
 j - a +6 ring of dexterity (left hand)
Scrolls
 e - a scroll of torment
 p - 3 scrolls of noise {unknown}
Potions
 g - a potion of magic
 i - a potion of berserk rage {unknown}
 l - a potion of heal wounds {unknown}
 m - a potion of attraction {unknown}
 n - a potion of lignification {unknown}
 o - a potion of ambrosia {unknown}


   Skills:
 - Level 2.1 Fighting
 + Level 5.2 Staves
 - Level 2.0 Throwing
 - Level 2.6 Dodging


You had 3 spell levels left.
You didn't know any spells.
Your spell library contained the following spells:

 Spells                   Type           Power      Damage    Failure   Level
 Foxfire                  Conj/Fire      0%         2x1d4     45%         1
 Conjure Flame            Conj/Fire      0%         6-21      83%         3
 Inner Flame              Hex/Fire       0%         N/A       83%         3
 Flame Wave               Conj/Fire      0%         2d4       99%         4


Dungeon Overview and Level Annotations

Branches:
Dungeon (7/15)
 Temple: D:4-7

Altars:

Shops:
D:2 [


Innate Abilities, Weirdness & Mutations

You cannot be hasted, slowed, berserked, paralysed or teleported.
You can dig through walls and to a lower floor.
You have a pair of large antennae on your head. (SInv)
Your four strong arms can wield two-handed weapons with a shield.


Message History

You hit the water moccasin. You burn the water moccasin.
The water moccasin is lightly wounded.
The water moccasin struggles against the net. x2
You barely miss the water moccasin.
The water moccasin is lightly wounded.
The water moccasin struggles against the net.
The net rips apart, and the water moccasin comes free!
You hit the water moccasin. You burn the water moccasin.
The water moccasin is lightly wounded.
The water moccasin bites you. x2
You barely miss the water moccasin.
The water moccasin is lightly wounded.
The water moccasin barely misses you.
You thump the water moccasin! You burn the water moccasin.
The water moccasin is heavily wounded.
The water moccasin bites you. The water moccasin barely misses you.
You closely miss the water moccasin.
The water moccasin is heavily wounded.
The water moccasin completely misses you.
You barely miss the water moccasin.
The water moccasin is heavily wounded.
The water moccasin bites you but does no damage.
The water moccasin closely misses you.
You sock the water moccasin! You burn the water moccasin.
The water moccasin is severely wounded.
The water moccasin bites you.
* * * LOW HITPOINT WARNING * * *
You barely miss the water moccasin.
The water moccasin is severely wounded.
The water moccasin closely misses you. The water moccasin bites you.
* * * LOW HITPOINT WARNING * * *
You barely miss the water moccasin.
The water moccasin is severely wounded.
The water moccasin bites you.
* * * LOW HITPOINT WARNING * * *
You are lethally poisoned!
The water moccasin poisons you!
It was a potion of haste.
Your stasis prevents you from being hasted.
You die... . ....#########.# ...>...@S....(# .##.###########

You could see a water moccasin.

Vanquished Creatures
  3 adders
  2 worms (D:2)
  2 ball pythons
  3 endoplasms
  3 giant cockroaches
  5 goblins
  10 hobgoblins
  6 jackals
  7 kobolds
  4 bats
  A frilled lizard (D:2)
  4 rats
50 creatures vanquished.

Notes
Turn   | Place    | Note
-------+----------+-------------------------------------------
     0 | D:1      | MisterFreud the Formicid Gladiator began the quest for the
                  | Orb.
     0 | D:1      | Reached XP level 1. HP: 16/16 MP: 1/1
   167 | D:1      | Reached XP level 2. HP: 22/22 MP: 2/2
   779 | D:1      | Reached skill level 4 in Staves
   779 | D:1      | Reached XP level 3. HP: 27/27 MP: 3/3
  1562 | D:2      | Found Ostroseb's Armour Boutique.
  1662 | D:2      | Reached XP level 4. HP: 33/33 MP: 4/4
  2061 | D:2      | Reached skill level 5 in Staves
  2475 | D:3      | You fall into a shaft and drop 3 floors!
  2483 | D:6      | Noticed a water moccasin
  2489 | D:6      | You fall into a shaft and drop 1 floor!
  2607 | D:7      | Noticed a water moccasin
  2623 | D:7      | HP: 1/33 [water moccasin (3)]
  2624 | D:7      | Succumbed to a water moccasin's poison

Illustrated notes

Levels and vault maps discovered:
D:1:      dpeg_arrival_radiant, layout_basic, chequers_serial_rivers_small_3
D:2:      layout_basic, serial_shops, shop
D:3:      cheibrodos_fertilizer, layout_basic,
          hellmonk_ecumenical_altar_pennies_from_heaven,
          small_statue_intersection, minmay_diced_spiral
D:6:      layout_loops_cross, marbit_many_paths, lemuel_crystal_altar,
          nicolae_water_bricks, kennysheep_decorative_pillar,
          kb_lookout_dungeons_type
D:7:      layout_basic, grunt_temple_overflow_open, general_overflow_altar,
          chequers_decorated_corner, minmay_misc_feat_tower, the_hattery

Skill      XL: |  1  2  3  4 |
---------------+-------------+-----
Staves         | 4 5 |  5.2
Fighting       | |  2.1
Throwing       | |  2.0
Dodging        | |  2.6

Action                   |  1- 3 |  4- 6 || total
-------------------------+-------+-------++-------
Melee: Quarterstaff      |    96 |    53 ||   149
Throw: Throwing net      |       |     2 ||     2
 Abil: Shaft Self        |       |     2 ||     2
  Use: Scroll            |     4 |       ||     4
       Potion            |       |     1 ||     1
 Stab: Sleeping          |       |     1 ||     1
Armor: Leather armour    |    31 |    12 ||    43
Dodge: Dodged            |    65 |    40 ||   105
